 Dungeon Crawl Stone Soup version 0.31-a0-859-g9dce7d3444 (webtiles) character file.

Game seed: 420287034665141735

334 BinkBink the Chopper (level 6, -2/56 HPs)
             Began as a Minotaur Monk on Oct 10, 2023.
             Slain by a scorpion (5 damage)
             ... on level 4 of the Dungeon.
             The game lasted 00:02:41 (2669 turns).

BinkBink the Chopper (Minotaur Monk)                Turns: 2669, Time: 00:02:42

Health: -2/56      AC:  2    Str: 17    XL:     6   Next: 27%
Magic:  5/5        EV: 13    Int:  7    God:
Gold:   165        SH:  0    Dex: 13    Spells: 5/5 levels left

rFire   . . .        a - +0 hand axe
rCold   . . .        d - orb {light}
rNeg    . . .        b - +0 robe
rPois   .            (helmet restricted)
rElec   .            (no cloak)
rCorr   .            (no gloves)
SInv    .            (no boots)
Will    .....        (no amulet)
Stlth   +            (no ring)
HPRegen 0.29/turn    (no ring)
MPRegen 0.09/turn

%: no passive effects
@: lethally poisoned (-2 -> -10), hasted, glowing, very quick
A: horns 2, retaliatory headbutt
a: no special abilities


You were on level 4 of the Dungeon.
You visited 1 branch of the dungeon, and saw 4 of its levels.

You collected 165 gold pieces.

Inventory:

Hand Weapons
 a - a +0 hand axe (weapon)
Missiles
 e - a throwing net
Armour
 b - a +0 robe (worn)
 d - an orb of light (worn)
Scrolls
 f - a scroll of enchant weapon {unknown}
 g - a scroll of poison {unknown}
 h - 4 scrolls of identify {unknown}
 k - a scroll of enchant armour {unknown}
Potions
 j - a potion of curing {unknown}


   Skills:
 + Level 5.2 Fighting
 * Level 6.6 Axes
 + Level 4.8 Dodging


You had 5 spell levels left.
You didn't know any spells.
Your spell library contained the following spells:

 Spells                   Type           Power      Damage    Failure   Level
 Ozocubu's Armour         Ice            0%         N/A       80%         3
 Summon Guardian Golem    Hex/Summ       0%         N/A       80%         3
 Metabolic Englaciation   Hex/Ice        0%         N/A       100%        5
 Simulacrum               Ice/Necr       0%         N/A       100%        6
 Orb of Destruction       Conj           0%         9d5       100%        7
 Spellforged Servitor     Conj/Summ      0%         N/A       100%        7


Dungeon Overview and Level Annotations

Branches:
Dungeon (4/15)
 Temple: D:4-7

Altars:
Okawaru

Annotations:
D:2 1 runed translucent door, Crazy Yiuf


Innate Abilities, Weirdness & Mutations

You have a pair of horns on your head.
You reflexively headbutt those who attack you in melee.


Message History

The scorpion poisons you! The dart slug launches a dart at you.
The slug dart misses you.
You are too injured to fight recklessly!
You are too injured to fight recklessly!
You are confused.
You feel invigorated.
You feel very sick. The scorpion completely misses you.
You feel sick.
You feel sick.
You see here a scorpion corpse.
You feel sick. The scorpion stings you.
The orc priest calls down the wrath of Beogh upon you.
Beogh smites you!
* * * LOW HITPOINT WARNING * * *
The scorpion stings you.
* * * LOW HITPOINT WARNING * * *
You're too confused to move!
You feel less invigorated.
You feel less confused.
You feel sick. The orc priest barely misses you. The dart slug bites you.
The scorpion stings you.
* * * LOW HITPOINT WARNING * * *
You are lethally poisoned!
The scorpion poisons you!
You hit the orc priest.
The orc priest is lightly wounded.
You hit the scorpion but do no damage. You hit the dart slug.
* * * LOW HITPOINT WARNING * * *
You feel very sick.
The orc priest hits you with a +0 short sword.
* * * LOW HITPOINT WARNING * * *
The scorpion stings you.
* * * LOW HITPOINT WARNING * * *
The dart slug misses you.
It was a potion of haste.
You feel yourself speed up.
* * * LOW HITPOINT WARNING * * *
You feel very sick. The scorpion stings you.
You die...

. .. #<..... .. #<
#..##..#. .. #. ##....#..
......#. #.###...#...#.
......#..#.........#...#.
..............#..#...#...
......#####...#....#...#
......# ##.#..†s#...#
......# ##..##.#@w)#
......# #..###.o.#)..#
......###.###......#...#
#####.....##..##.#...#...
#####......# #$..#...#.
#........### #.#...#.
#....<...# ##..#..
#.....##.)# ##..#.
#.....##..... ..


You could see a scorpion, an orc priest and a dart slug.

Vanquished Creatures
  A scorpion (D:4)
  A hound (D:4)
  Natasha (thrice) (D:2)
  5 adders
  4 gnolls
  3 worms
  3 dart slugs
  5 orcs
  8 ball pythons
  3 bats
  5 endoplasms
  2 giant cockroaches
  8 goblins
  5 hobgoblins
  7 jackals (D:3)
  A quokka (D:2)
  A frilled lizard (D:1)
  8 kobolds
  3 rats (D:1)
76 creatures vanquished.

Notes
Turn   | Place    | Note
-------+----------+-------------------------------------------
     0 | D:1      | BinkBink the Minotaur Monk began the quest for the Orb.
     0 | D:1      | Reached XP level 1. HP: 19/19 MP: 0/0
    91 | D:1      | Reached skill level 4 in Axes
    91 | D:1      | Reached XP level 2. HP: 25/27 MP: 1/1
   818 | D:2      | Reached XP level 3. HP: 29/33 MP: 2/2
  1031 | D:2      | Noticed Natasha
  1037 | D:2      | Killed Natasha
  1038 | D:2      | Reached skill level 5 in Axes
  1038 | D:2      | Reached XP level 4. HP: 41/41 MP: 3/3
  1233 | D:2      | Noticed Natasha
  1239 | D:2      | Killed Natasha
  1330 | D:2      | Found a runed translucent door.
  1331 | D:2      | Noticed Crazy Yiuf
  1338 | D:2      | Noticed Natasha
  1344 | D:2      | Killed Natasha
  1393 | D:2      | Reached XP level 5. HP: 44/47 MP: 4/4
  1994 | D:2      | Reached skill level 6 in Axes
  2197 | D:3      | Reached skill level 5 in Fighting
  2252 | D:3      | Found an iron altar of Okawaru.
  2566 | D:4      | Reached XP level 6. HP: 53/56 MP: 5/5
  2669 | D:4      | Slain by a scorpion

Illustrated notes

Levels and vault maps discovered:
D:1:      dpeg_arrival_rooms_b, layout_loops_ring
D:2:      layout_basic, grunt_ministairs_12, uniq_crazy_yiuf_cottage,
          uniq_natasha
D:3:      cheibrodos_greedy_goblins, layout_basic, lemuel_crystal_altar
D:4:      layout_rooms, elyvilon_altar_1, grunt_temple_overflow_open,
          portal_sewer_entry_d, hex_large

Skill      XL: |  1  2  3  4  5 |
---------------+----------------+-----
Axes           | 4 5 6 |  6.6
Fighting       | 4 5 |  5.2
Dodging        | 4 |  4.8

Action                     |  1- 3 |  4- 6 || total
---------------------------+-------+-------++-------
  Melee: Hand axe          |    47 |    90 ||   137
         Headbutt          |    12 |    21 ||    33
    Use: Potion            |       |     2 ||     2
 Armour: Robe              |    18 |    59 ||    77
  Dodge: Dodged            |    30 |    60 ||    90

Table legend: (Time is in decaauts)
 A = Elapsed time spent in this place.
 B = Non-inter-level travel time spent in this place.
 C = Inter-level travel time spent in this place.
 D = Time resting spent in this place.
 E = Time spent auto-exploring this place.
 F = Levels seen in this place.
 G = Mean time per level.
                   A        B        C        D        E       F      G
               +--------+--------+--------+--------+--------+-----+--------+
         Total |   2674 |   2506 |    168 |    108 |   2006 |   4 |  668.5 |
       Dungeon |   2674 |   2506 |    168 |    108 |   2006 |   4 |  668.5 |
               +--------+--------+--------+--------+--------+-----+--------+

Top non-repeatable levels by time:
     D:2: 1120 daAuts
     D:1: 727 daAuts
     D:3: 711 daAuts
     D:4: 115 daAuts
